 Dungeon Crawl Stone Soup version 0.29.0-4-gdea44cf6ec (webtiles) character file.

Game seed: 4760196552998952595

2213 qw the Cleaver (level 9, 0/54 HPs)
             Began as a Tengu Warper on Aug 28, 2022.
             Was an Initiate of Okawaru.
             Slain by a bullfrog (2 damage)
             ... on level 7 of the Dungeon.
             The game lasted 00:00:49 (7156 turns).

qw the Cleaver (Tengu Warper)                       Turns: 7156, Time: 00:00:49

Health: 0/54       AC: 10    Str: 21    XL:     9   Next: 35%
Magic:  13/13      EV: 10    Int: 14    God:    Okawaru [......]
Gold:   377        SH:  0    Dex: 14    Spells: 12/12 levels left

rFire   + . .      SeeInvis .   Y - +2 hand axe (flame)
rCold   . . .      Faith    .   (no shield)
rNeg    . . .      Spirit   .   d - +0 chain mail
rPois   .          Reflect  .   (helmet restricted)
rElec   .          Harm     .   (no cloak)
rCorr   .          Rampage  .   m - +0 pair of gloves
Will    .....                   (boots unavailable)
Stlth   ..........              i - amulet of regeneration
HPRegen 0.98/turn               a - +6 ring of strength
MPRegen 0.13/turn               f - ring of protection from fire

@: flying quickly and evasively, quick
A: beak, talons 3, nimble flight
a: Renounce Religion


You were on level 7 of the Dungeon.
You worshipped Okawaru.
Okawaru was noncommittal.
You visited 2 branches of the dungeon, and saw 8 of its levels.
You also visited: Sewer.

You collected 377 gold pieces.


Innate Abilities, Weirdness & Mutations

You have a beak for a mouth.
You have claws for feet.
Your magical nature lets you fly swiftly and evasively.


   Skills:
 - Level 5.0 Fighting
 + Level 11.4 Axes
 - Level 1.0 Throwing
 - Level 4.2 Armour
 - Level 3.1 Dodging
 - Level 2.0 Spellcasting
 - Level 2.4 Translocations


You had 12 spell levels left.
You didn't know any spells.
Your spell library contained the following spells:

 Spells                   Type           Power      Damage    Failure   Level
 Blink                    Tloc           16%        N/A       77%         2
 Gell's Gravitas          Tloc           8%         N/A       94%         3
 Lesser Beckoning         Tloc           8%         N/A       94%         3
 Teleport Other           Tloc           8%         N/A       94%         3
 Manifold Assault         Tloc           8%         N/A       100%        5

Inventory:

Hand Weapons
 Y - a +2 hand axe of flaming (weapon)
Armour
 d - a +0 chain mail (worn)
 m - a +0 pair of gloves (worn)
Jewellery
 a - a +6 ring of strength (left hand)
 f - a ring of protection from fire (right hand)
 i - an amulet of regeneration (around neck)
 p - a +6 ring of dexterity
Scrolls
 k - a scroll of identify
Potions
 c - 3 potions of haste
 e - a potion of cancellation
 g - a potion of resistance
 l - a potion of mutation

Dungeon Overview and Level Annotations

Branches:
Dungeon (7/15)             Temple (1/1) D:5           Sewer (visited)

Altars:
Ashenzari
Dithmenos
Gozag
Hepliaklqana
Kikubaaqudgha
Makhleb
Nemelex Xobeh
Okawaru
Qazlal
Ru
Sif Muna
Uskayaw
Xom

Shops:
D:1 [


Message History

You hit the orc warrior but do no damage.
Your kick misses the orc warrior.
The orc warrior is severely wounded.
You barely miss the bullfrog. You hit the iguana. You burn the iguana.
The bullfrog closely misses you. The iguana closely misses you.
The orc warrior hits you with a +0 dire flail!
You hit the orc warrior. You burn the orc warrior.
The orc warrior is almost dead.
You closely miss the bullfrog. You hit the iguana but do no damage.
The bullfrog hits you but does no damage.
The iguana bites you.
The orc warrior hits you with a +0 dire flail!
A kobold brigand comes into view.
It is wielding a +0 short sword and quivering poisoned darts.
You hit the orc warrior. You burn the orc warrior.
You kill the orc warrior!
Okawaru accepts your kill.
You hit the bullfrog. You burn the bullfrog.
You hit the iguana but do no damage. The bullfrog hits you!
The bullfrog hits you but does no damage.
You closely miss the bullfrog. You claw the bullfrog.
You kill the bullfrog!
Okawaru accepts your kill.
You completely miss the hound. You hit the iguana. You burn the iguana.
The iguana bites you! The hound closely misses you.
You slash the iguana! You burn the iguana.
You kill the iguana!
Okawaru accepts your kill.
You hit the hound. You burn the hound. The hound closely misses you.
You miss the hound. You claw the hound, but do no damage.
Your peck misses the hound.
The hound is moderately wounded.
You slash the bullfrog! You burn the bullfrog. The bullfrog hits you.
The hound bites you but does no damage.
You barely miss the bullfrog. You peck the bullfrog.
The bullfrog is heavily wounded.
You barely miss the hound. The bullfrog hits you.
You die...

*,*,**,,.....#...###...***,,,*,**
#.#,***##.#..#.....#...#.,,,,*,**
..#,*** #.....###...###..,***,,,*
*,,,,,* ###..#...#.......*,,,*,**
*,,,,,***,#..#...###...***,,,*,*
*,,,,,**,....#...#.)#.*,,*,,,*,**
*,,,,,*,......###...#,*,,,***,,,*
*,,,,,........#.....#,*,,,,,*,,,*
******#....###.F@###...#**,,,****
##.......%#ho.#.#..,*,,,,,*
********#.....##*h).#,#,,,***,,,*
,,,,>,,**.##.#,,*..K#,*,,,*,,*,**
,*****,**,,#.*,,,###..,***,,,*,*
,**,,,,,,,,.,,,,,,,*...*,,,,,***
,**,**,***#**,,,,,,,*##.,,,,**
,**,**,* ***,,,,,,,,,,,,**
,,,,,,,* **************


You could see a kobold brigand, a bullfrog, 2 hounds and an orc.

Vanquished Creatures
  Sigmund (D:3)
  Menkaure (D:7)
  A water moccasin (D:7)
  2 black bears (D:5)
  An ice beast (D:6)
  An orc warrior (D:7)
  A sky beast (D:6)
  2 ogres (D:6)
  2 centaurs
  A phantom (D:5)
  A kobold brigand (Sewer)
  3 scorpions
  A bullfrog (D:7)
  4 hounds
  An orc priest (D:6)
  7 iguanas
  3 orc wizards
  4 adders (Sewer)
  4 gnolls (D:5)
  5 river rats (Sewer)
  2 white imps
  4 worms
  A dart slug (D:1)
  15 orcs
  5 endoplasms
  8 giant cockroaches
  7 goblins
  6 hobgoblins
  4 jackals (Sewer)
  4 quokkas
  12 ball pythons
  5 bats
  7 frilled lizards
  5 kobolds
  12 rats
143 creatures vanquished.

Vanquished Creatures (others)
  5 plants (Sewer)
5 creatures vanquished.

Grand Total: 148 creatures vanquished

Notes
Turn   | Place    | Note
-------+----------+-------------------------------------------
     0 | D:1      | qw the Tengu Warper began the quest for the Orb.
     0 | D:1      | Reached XP level 1. HP: 12/12 MP: 4/4
     0 | D:1      | 0 ||| qw: Version: 0.1-a-89-g26bdef1
     0 | D:1      | 0 ||| qw: Game counter: 3006
     0 | D:1      | 0 ||| qw: Always use a shield: true
     0 | D:1      | 0 ||| qw: God list: Okawaru
     0 | D:1      | 0 ||| qw: Allow faded altars: false
     0 | D:1      | 0 ||| qw: Do Orc after D:15 true
     0 | D:1      | 0 ||| qw: Do second Lair branch before Depths: true
     0 | D:1      | 0 ||| qw: Lair rune preference: random
     0 | D:1      | 0 ||| qw: Plans: Normal
     0 | D:1      | 0 ||| PLANNING D:1-11
    24 | D:1      | 24 ||| Stepping ~*~*~tactically~*~*~ (stealth).
    27 | D:1      | 27 ||| Stepping ~*~*~tactically~*~*~ (stealth).
    28 | D:1      | 28 ||| Stepping ~*~*~tactically~*~*~ (stealth).
    49 | D:1      | 49 ||| Stepping ~*~*~tactically~*~*~ (stealth).
    54 | D:1      | 54 ||| Stepping ~*~*~tactically~*~*~ (stealth).
   102 | D:1      | HP: 2/12 [kobold/+0 dagger (2)]
   103 | D:1      | Reached XP level 2. HP: 3/17 MP: 6/6
   107 | D:1      | Reached skill level 3 in Axes
   118 | D:1      | HP: 3/17 [goblin/+0 dagger (1)]
   134 | D:1      | HP: 1/17 [rat (1)]
   272 | D:1      | 272 ||| Stepping ~*~*~tactically~*~*~ (stealth).
   413 | D:1      | 413 ||| Stepping ~*~*~tactically~*~*~ (stealth).
   414 | D:1      | 414 ||| Stepping ~*~*~tactically~*~*~ (stealth).
   451 | D:1      | 451 ||| Stepping ~*~*~tactically~*~*~ (stealth).
   452 | D:1      | 452 ||| Stepping ~*~*~tactically~*~*~ (stealth).
   453 | D:1      | 453 ||| Stepping ~*~*~tactically~*~*~ (stealth).
   491 | D:1      | 491 ||| Stepping ~*~*~tactically~*~*~ (stealth).
   607 | D:1      | Found Boopen's Antique Armour Shoppe.
   615 | D:1      | 615 ||| SHOPLISTING embroidered cloak (150 gold, have 26).
   615 | D:1      | 615 ||| SHOPLISTING glowing scale mail (140 gold, have 26).
   615 | D:1      | 615 ||| SHOPLISTING ring mail (80 gold, have 26).
   649 | D:1      | Reached XP level 3. HP: 21/21 MP: 7/7
   695 | D:1      | Found a faded altar of an unknown god.
   732 | D:1      | Reached skill level 4 in Axes
   750 | D:1      | 750 ||| Stepping ~*~*~tactically~*~*~ (hiding).
   852 | D:1      | 852 ||| Stepping ~*~*~tactically~*~*~ (hiding).
   954 | D:1      | 954 ||| Stepping ~*~*~tactically~*~*~ (hiding).
  1171 | D:1      | 1171 ||| UPGRADING to amulet of guardian spirit.
  1176 | D:1      | 1176 ||| READING scroll labelled OLIT WOUSITZUNG.
  1177 | D:1      | 1177 ||| READING scroll labelled BOILOI TOCOS.
  1178 | D:1      | 1178 ||| DROPPING scroll of blinking.
  1535 | D:2      | 1535 ||| Stepping ~*~*~tactically~*~*~ (stealth).
  1559 | D:2      | Reached XP level 4. HP: 26/26 MP: 8/8
  1564 | D:2      | 1564 ||| Stepping ~*~*~tactically~*~*~ (stealth).
  1566 | D:2      | 1566 ||| Stepping ~*~*~tactically~*~*~ (stealth).
  1640 | D:2      | 1640 ||| DROPPING +0 club.
  1898 | D:2      | 1898 ||| UPGRADING to +0 scale mail.
  1908 | D:2      | 1908 ||| DROPPING +0 leather armour.
  1909 | D:2      | 1909 ||| UPGRADING to +6 ring of strength.
  1910 | D:2      | 1910 ||| UPGRADING to ring of protection from fire.
  1911 | D:2      | 1911 ||| DROPPING ring of wizardry.
  1912 | D:2      | 1912 ||| READING scroll labelled ANOLANT JELOWK.
  1916 | D:2      | 1916 ||| READING scroll labelled OSCHES PUPNIRE.
  1917 | D:2      | 1917 ||| DRINKING 2 green potions.
  2011 | D:3      | HP: 3/26 [orc/+0 flail (4)]
  2012 | D:3      | Reached skill level 5 in Axes
  2415 | D:3      | Noticed Sigmund
  2439 | D:3      | Killed Sigmund
  2440 | D:3      | Reached skill level 6 in Axes
  2440 | D:3      | Gained mutation: Your magical nature lets you fly swiftly
                  | and evasively. [Tengu growth]
  2440 | D:3      | Reached XP level 5. HP: 11/30 MP: 5/9
  2440 | D:3      | Reached XP level 6. HP: 13/35 MP: 5/10
  2699 | D:3      | Reached skill level 7 in Axes
  3061 | D:3      | 3061 ||| UPGRADING to +0 chain mail.
  3071 | D:3      | 3071 ||| DROPPING +0 scale mail.
  3072 | D:3      | 3072 ||| READING scroll labelled BEL LOLEIBUAFU.
  3073 | D:3      | 3073 ||| READING 3 scrolls of identify.
  3073 | D:3      | 3073 ||| IDENTIFYING brown potion
  3074 | D:3      | 3074 ||| READING 2 scrolls of identify.
  3074 | D:3      | 3074 ||| IDENTIFYING silvery potion
  3075 | D:3      | 3075 ||| DROPPING potion of brilliance.
  3087 | D:4      | 3087 ||| PLANNING SEWER
  3091 | D:4      | 3091 ||| STAIRDANCE
  3106 | D:4      | 3106 ||| STAIRDANCE
  3325 | D:4      | 3325 ||| FLEEEEING.
  3326 | D:4      | 3326 ||| FLEEEEING.
  3327 | D:4      | 3327 ||| STAIRDANCE
  3390 | D:4      | 3390 ||| Stepping ~*~*~tactically~*~*~ (hiding).
  3395 | D:4      | 3395 ||| Stepping ~*~*~tactically~*~*~ (stealth).
  3407 | D:4      | 3407 ||| DROPPING +2 vorpal flail.
  3414 | D:4      | Found a glowing drain.
  3425 | Sewer    | Entered a sewer
  3437 | Sewer    | Reached skill level 3 in Fighting
  3490 | Sewer    | Reached XP level 7. HP: 41/41 MP: 11/11
  3507 | Sewer    | 3507 ||| Stepping ~*~*~tactically~*~*~ (stealth).
  3508 | Sewer    | 3508 ||| Stepping ~*~*~tactically~*~*~ (stealth).
  3509 | Sewer    | 3509 ||| Stepping ~*~*~tactically~*~*~ (stealth).
  3511 | Sewer    | 3511 ||| Stepping ~*~*~tactically~*~*~ (stealth).
  3625 | Sewer    | 3625 ||| Stepping ~*~*~tactically~*~*~ (stealth).
  3631 | Sewer    | 3631 ||| Stepping ~*~*~tactically~*~*~ (stealth).
  3910 | Sewer    | 3910 ||| Stepping ~*~*~tactically~*~*~ (stealth).
  4050 | Sewer    | 4050 ||| READING scroll labelled BAZYOTEGES.
  4051 | Sewer    | 4051 ||| READING scroll labelled WEFESICONK.
  4052 | Sewer    | 4052 ||| DROPPING +1 flail of protection.
  4053 | Sewer    | 4053 ||| READING scroll labelled MUTETE MEADOC.
  4084 | D:4      | 4084 ||| PLANNING D:1-11
  4194 | D:4      | Reached skill level 8 in Axes
  4297 | D:4      | You are sucked into a shaft and drop 3 floors!
  4302 | D:7      | Noticed Menkaure
  4303 | D:7      | 4303 ||| Stepping ~*~*~tactically~*~*~ (hiding).
  4317 | D:7      | Killed Menkaure
  4322 | D:7      | HP: 10/41 [water moccasin (1)]
  4323 | D:7      | 4323 ||| READING 2 scrolls of teleportation.
  4323 | D:7      | HP: 1/41 [poisoned by a water moccasin]
  4324 | D:7      | 4324 ||| DRINKING 2 potions of heal wounds.
  4327 | D:7      | 4327 ||| DRINKING potion of heal wounds.
  4329 | D:7      | 4329 ||| DRINKING potion of curing.
  4329 | D:7      | 4329 ||| (to cure poison)
  4450 | D:7      | Reached skill level 9 in Axes
  4498 | D:7      | 4498 ||| READING scroll labelled BOBUWN ETYM.
  4499 | D:7      | 4499 ||| READING scroll labelled ISHINOR LU XAD.
  4500 | D:7      | 4500 ||| READING 4 scrolls of identify.
  4500 | D:7      | 4500 ||| IDENTIFYING golden potion
  4501 | D:7      | 4501 ||| READING 3 scrolls of identify.
  4501 | D:7      | 4501 ||| IDENTIFYING grey potion
  4502 | D:7      | 4502 ||| READING 2 scrolls of identify.
  4502 | D:7      | 4502 ||| IDENTIFYING dark potion
  4503 | D:7      | 4503 ||| DROPPING potion of degeneration.
  4504 | D:7      | 4504 ||| DROPPING potion of attraction.
  4515 | D:6      | Reached XP level 8. HP: 46/46 MP: 12/12
  4675 | D:6      | Reached skill level 3 in Armour
  4871 | D:6      | 4871 ||| READING scroll labelled QAYPE VASADOANG.
  4872 | D:6      | 4872 ||| READING scroll of teleportation.
  4914 | D:6      | Reached skill level 10 in Axes
  4923 | D:6      | 4923 ||| READING scroll of enchant weapon.
  4923 | D:6      | 4923 ||| ENCHANTING +1 hand axe of flaming.
  4949 | D:6      | Reached skill level 3 in Dodging
  5073 | D:6      | 5073 ||| Stepping ~*~*~tactically~*~*~ (stealth).
  5085 | D:6      | 5085 ||| Stepping ~*~*~tactically~*~*~ (stealth).
  5116 | D:6      | 5116 ||| UPGRADING to +0 pair of gloves.
  5121 | D:6      | 5121 ||| READING scroll labelled JIYGUCIXTU.
  5122 | D:6      | 5122 ||| DRINKING 2 blue potions.
  5123 | D:6      | 5123 ||| READING 2 scrolls of identify.
  5123 | D:6      | 5123 ||| IDENTIFYING smoky dark potion
  5128 | D:5      | Entered Level 5 of the Dungeon
  5212 | D:5      | 5212 ||| Stepping ~*~*~tactically~*~*~ (stealth).
  5214 | D:5      | 5214 ||| Stepping ~*~*~tactically~*~*~ (stealth).
  5215 | D:5      | 5215 ||| Stepping ~*~*~tactically~*~*~ (hiding).
  5217 | D:5      | 5217 ||| Stepping ~*~*~tactically~*~*~ (hiding).
  5221 | D:5      | 5221 ||| Stepping ~*~*~tactically~*~*~ (stealth).
  5224 | D:5      | 5224 ||| FLEEEEING.
  5225 | D:5      | 5225 ||| FLEEEEING.
  5226 | D:5      | 5226 ||| FLEEEEING.
  5227 | D:5      | 5227 ||| FLEEEEING.
  5228 | D:5      | 5228 ||| FLEEEEING.
  5229 | D:5      | 5229 ||| FLEEEEING.
  5230 | D:5      | 5230 ||| FLEEEEING.
  5245 | D:5      | Reached XP level 9. HP: 21/54 MP: 7/13
  5416 | D:5      | 5416 ||| Stepping ~*~*~tactically~*~*~ (stealth).
  5418 | D:5      | 5418 ||| Stepping ~*~*~tactically~*~*~ (stealth).
  5419 | D:5      | 5419 ||| Stepping ~*~*~tactically~*~*~ (stealth).
  5424 | D:5      | 5424 ||| READING 2 scrolls of identify.
  5424 | D:5      | 5424 ||| IDENTIFYING coppery potion
  5425 | D:5      | 5425 ||| DROPPING potion of flight.
  5428 | D:5      | 5428 ||| Stepping ~*~*~tactically~*~*~ (stealth).
  5429 | D:5      | 5429 ||| Stepping ~*~*~tactically~*~*~ (stealth).
  6284 | D:4      | 6284 ||| DROPPING scarf of shadows.
  6285 | D:4      | 6285 ||| READING 2 scrolls of identify.
  6285 | D:4      | 6285 ||| IDENTIFYING sedimented ruby potion
  6333 | D:5      | Reached skill level 11 in Axes
  6334 | D:5      | Found a staircase to the Ecumenical Temple.
  6335 | D:5      | 6335 ||| PLANNING TEMPLE
  6343 | Temple   | Entered the Ecumenical Temple
  6377 | Temple   | Became a worshipper of Warmaster Okawaru
  6378 | Temple   | 6378 ||| REMOVING amulet of guardian spirit.
  6562 | Temple   | 6562 ||| PLANNING D:1-11
  6562 | Temple   | 6562 ||| DROPPING amulet of guardian spirit.
  6563 | Temple   | 6563 ||| UPGRADING to amulet of regeneration.
  6838 | D:5      | 6838 ||| DROPPING orb of guile.
  7083 | D:7      | 7083 ||| Stepping ~*~*~tactically~*~*~ (hiding).
  7085 | D:7      | 7085 ||| Stepping ~*~*~tactically~*~*~ (hiding).
  7139 | D:7      | 7139 ||| Stepping ~*~*~tactically~*~*~ (stealth).
  7140 | D:7      | 7140 ||| Stepping ~*~*~tactically~*~*~ (stealth).
  7152 | D:7      | HP: 7/54 [bullfrog (7)]
  7153 | D:7      | HP: 1/54 [iguana (7)]
  7156 | D:7      | Slain by a bullfrog

Levels and vault maps discovered:
D:1:      wander_arrival_desolate, layout_rooms, ebering_ecumenical_altar_webs,
          serial_shops, shop
D:2:      layout_loops_ring, minmay_box_of_dots
D:3:      layout_basic, kennysheep_minor_cross, minmay_misc_feat_rugged,
          uniq_sigmund
D:4:      layout_basic, portal_sewer_entry_a
D:5:      layout_cave_pools, minmay_temple_entry_large_hall
D:6:      layout_rooms
D:7:      layout_loops_cross, gammafunk_ghost_grave, serial_shops, shop_statue,
          minmay_misc_feat_tower, nicolae_titane, uniq_menkaure,
          uniq_crazy_yiuf_cottage
Temple:   oiseaux_autumnal_temple

Skill      XL: |  1  2  3  4  5  6  7  8  9 |
---------------+----------------------------+-----
Axes           | 3 4 6 7 9 10 11 | 11.4
Armour         | 2 3 4 |  4.2
Fighting       | 3 5 |  5.0
Dodging        | 3 |  3.1
Throwing       | |  1.0
Spellcasting   | |  2.0
Translocations | |  2.4

Action                   |  1- 3 |  4- 6 |  7- 9 || total
-------------------------+-------+-------+-------++-------
Melee: Hand axe          |    91 |    89 |   168 ||   348
       Kick              |    23 |    25 |    58 ||   106
       Peck              |     8 |    19 |    19 ||    46
       Punch             |     1 |     1 |     4 ||     6
Throw: Boomerang         |    28 |    16 |    92 ||   136
  Use: Scroll            |     2 |     5 |    16 ||    23
       Potion            |       |     1 |     4 ||     5
 Stab: Sleeping          |       |     1 |       ||     1
Armor: Leather armour    |    25 |     2 |       ||    27
       Scale mail        |       |     7 |       ||     7
       Chain mail        |       |    27 |    58 ||    85
Dodge: Dodged            |    48 |    35 |    66 ||   149

Table legend:
 A = Non-vault XP
 B = Vault XP
 C = Vault XP percentage of total XP
 D = Non-vault monster count
 E = Vault monster count
 F = Vault count percentage of total count
                 A         B        C        D         E       F
            +---------+---------+-------+---------+---------+-------
      Total |    2521 |     641 |  20.3 |     112 |      31 |  21.7
            +---------+---------+-------+---------+---------+-------
        D:1 |      55 |       0 |   0.0 |      34 |       0 |   0.0
        D:2 |      36 |       4 |  10.0 |      16 |       3 |  15.8
        D:3 |     186 |     231 |  55.4 |      11 |       1 |   8.3
        D:4 |     252 |      11 |   4.2 |      15 |       5 |  25.0
        D:5 |     543 |       0 |   0.0 |      12 |       0 |   0.0
        D:6 |     878 |       0 |   0.0 |      14 |       0 |   0.0
        D:7 |     571 |     157 |  21.6 |      10 |       1 |   9.1
      Sewer |       0 |     238 | 100.0 |       0 |      21 | 100.0
            +---------+---------+-------+---------+---------+-------
